 Dungeon Crawl Stone Soup version 0.30-a0-528-g8c47a4955b (webtiles) character file.

Game seed: 9878947774039597622

761 NinjaNoafa the Conjurer (level 7, -9/51 HPs)
             Began as a Gnoll Conjurer on Dec 24, 2022.
             Was a Follower of Cheibriados.
             Mangled by a gnoll
             ... wielding a +2 flail of draining
             ... led by a gnoll bouda
              (12 damage)
             ... on level 5 of the Dungeon.
             The game lasted 00:26:10 (3867 turns).

NinjaNoafa the Conjurer (Gnoll Conjurer)            Turns: 3867, Time: 00:26:11

Health: -9/51      AC:  4    Str:  8    XL:     7   Next: 80%
Magic:  3/15       EV: 14    Int: 21    God:    Cheibriados [*.....]
Gold:   243        SH:  0    Dex: 13    Spells: 0/17 levels left

rFire   x . .      SeeInvis .    p - +2 dagger (venom)
rCold   + . .      Faith    .    (no shield)
rNeg    . . .      Spirit   .    a - +0 robe
rPois   .          Reflect  .    e - +0 helmet
rElec   .          Harm     .    t - +0 cloak
rCorr   .          Rampage  .    (no gloves)
Will    .....                    (no boots)
Stlth   +++                      (no amulet)
HPRegen 0.28/turn                u - ring of wizardry
MPRegen 0.14/turn                w - ring of ice

@: lethally poisoned (-9 -> -18), very slow
A: fangs 1, strong nose, distributed training
a: Renounce Religion, Bend Time


You were on level 5 of the Dungeon.
You worshipped Cheibriados.
Cheibriados was aware of your devotion.
You visited 2 branches of the dungeon, and saw 7 of its levels.

You collected 243 gold pieces.

Inventory:

Hand Weapons
 p - a +2 dagger of venom (weapon)
Missiles
 d - 22 stones
 n - 2 silver boomerangs
Armour
 a - a +0 robe (worn)
 e - a +0 helmet (worn)
 t - a +0 cloak (worn)
Jewellery
 u - a ring of wizardry (left hand)
 w - a ring of ice (right hand)
Wands
 c - a wand of flame (4)
Scrolls
 g - a scroll of fog {unknown}
 i - a scroll of immolation {unknown}
 j - 2 scrolls of identify
 m - 2 scrolls of teleportation
 o - 2 scrolls of enchant armour {unknown}
 q - a scroll of poison {unknown}
 s - a scroll of enchant weapon {unknown}
 x - a scroll of vulnerability {unknown}
Potions
 b - a potion of magic
 f - a potion of might {unknown}
 h - a potion of ambrosia {unknown}
 l - a potion of flight {unknown}
 r - a potion of lignification {unknown}


   Skills:
 + Level 2.8 Fighting
 + Level 2.8 Short Blades
 + Level 2.8 Long Blades
 + Level 2.8 Axes
 + Level 2.8 Maces & Flails
 + Level 2.8 Polearms
 + Level 2.8 Staves
 + Level 2.8 Ranged Weapons
 + Level 2.8 Throwing
 + Level 2.8 Armour
 + Level 5.4 Dodging
 + Level 5.1 Stealth
 + Level 2.8 Shields
 + Level 2.8 Unarmed Combat
 + Level 5.8 Spellcasting
 + Level 7.5 Conjurations
 + Level 2.3 Hexes
 + Level 2.3 Summonings
 + Level 2.3 Necromancy
 + Level 2.3 Translocations
 + Level 2.3 Transmutations
 + Level 2.3 Fire Magic
 + Level 2.3 Ice Magic
 + Level 2.3 Air Magic
 + Level 2.3 Earth Magic
 + Level 2.3 Poison Magic
 + Level 3.1 Invocations
 + Level 2.8 Evocations


You couldn't memorise any spells.
You knew the following spells:

 Your Spells              Type           Power      Damage    Failure   Level
a - Magic Dart            Conj           100%       1d8       1%          1
b - Searing Ray           Conj           74%        2d7       1%          2
c - Dazzling Flash        Conj/Hex       52%        N/A       1%          3
d - Freeze                Ice            92%        1d9       1%          1
e - Hailstorm             Conj/Ice       40%        3d10      1%          3
f - Frozen Ramparts       Ice            46%        1d7       4%          3
g - Iskenderun's Mystic   Conj/Tloc      26%        2d7       5%          4

Your spell library contained the following spells:

 Spells                   Type           Power      Damage    Failure   Level
 Sandblast                Erth           30%        2d9       1%          1
 Stone Arrow              Conj/Erth      52%        3d10      1%          3
 Passwall                 Tmut/Erth      12%        N/A       2%          2
 Gell's Gravitas          Tloc           15%        N/A       4%          3
 Lesser Beckoning         Tloc           30%        N/A       4%          3
 Teleport Other           Tloc           15%        N/A       4%          3
 Fulminant Prism          Conj/Hex       13%        3d9       5%          4
 Animate Dead             Necr           15%        N/A       16%         4
 Borgnjor's Vile Clutch   Necr/Erth      7%         N/A       38%         5
 Death Channel            Necr           7%         N/A       90%         6


Dungeon Overview and Level Annotations

Branches:
Dungeon (6/15)             Temple (1/1) D:4

Altars:
Ashenzari
Cheibriados
Dithmenos
Hepliaklqana
Kikubaaqudgha
Makhleb
Okawaru
Ru
Trog
Vehumet
Wu Jian
Xom
The Shining One

Annotations:
D:4 4 runed translucent doors
D:5 Eustachio


Innate Abilities, Weirdness & Mutations

You have very sharp teeth.
Your uncanny sense of smell can sniff out nearby items.
Your experience applies equally to all skills.


Message History

You feel a surge of power!
The walls around you are covered in ice.
The wall freezes the scorpion but does no damage.
The scorpion barely misses you.
A gnoll comes into view. It is wielding a +0 halberd.
Casting: Frozen Ramparts (dangerous; 4% risk of failure)
Confirm with . or Enter, or press ? or * to list all spells.
Aiming: Freeze (safe; 1% risk of failure)
Press: ? - help, Shift-Dir - straight line, f - scorpion
Aim: a scorpion (severely wounded)
Okay, then.
Casting: Freeze (safe; 1% risk of failure)
Confirm with . or Enter, or press ? or * to list all spells.
You don't have enough magic to cast this spell.
The gnoll shouts!
You hit the scorpion but do no damage.
The scorpion is severely wounded.
The wall freezes the scorpion.
The scorpion stings you.
You are poisoned.
The scorpion poisons you!
The wall freezes the gnoll.
You barely miss the scorpion.
The scorpion is almost dead.
You feel very sick.
The wall freezes the scorpion.
You kill the scorpion!
Cheibriados appreciates the change of pace.
The wall freezes the gnoll.
The gnoll hits you with a +2 flail of draining!
* * * LOW HITPOINT WARNING * * *
You feel drained.
* * * LOW HITPOINT WARNING * * *
Eustachio the Magnificent comes into view.
He is wielding a +0 falchion, wearing a +1 leather armour of positive energy and carrying a wand of flame (19).
Your life force feels restored.
It was a potion of cancellation.
Your magical effects are unravelling.
You feel magically purged.
The frozen ramparts melt away.
* * * LOW HITPOINT WARNING * * *
You feel sick.
Eustachio zaps a wand.
The puff of flame misses you.
The gnoll hits you with a +2 flail of draining!
You die...

.....##.)............#
.#....# #............#
##..#####......>..# .# .
##.###........#..#.?#.. #
#..###........).......
###...##....#...#.......
............##.###......
#.#.....................
###.#.........##@###....
# ###..........g.## ....
# #............g<# ∆... #
.......................
###.......#..............
# #.......#....g##.......
. .......##.....# .......
####..........@## .......
............. ∆.......


You could see Eustachio and 3 gnolls.

Vanquished Creatures
  A sky beast (D:4)
  An ogre (D:4)
  A scorpion (D:5)
  3 hounds
  An orc priest (D:2)
  An iguana (D:4)
  Jessica (D:2)
  Natasha (twice) (D:3)
  4 orc wizards
  Robin (D:2)
  9 adders
  An ufetubus (D:5)
  A worm (D:3)
  2 dart slugs
  12 orcs
  5 ball pythons
  5 bats
  3 endoplasms
  A giant cockroach (D:1)
  17 goblins
  9 hobgoblins
  4 jackals (D:4)
  7 kobolds
  6 quokkas
  3 frilled lizards
  A rat (D:1)
102 creatures vanquished.

Notes
Turn   | Place    | Note
-------+----------+-------------------------------------------
     0 | D:1      | NinjaNoafa the Gnoll Conjurer began the quest for the Orb.
     0 | D:1      | Reached XP level 1. HP: 13/13 MP: 6/6
   176 | D:1      | Reached XP level 2. HP: 19/19 MP: 2/7
   760 | D:1      | Reached skill level 5 in Spellcasting
   760 | D:1      | Reached XP level 3. HP: 25/25 MP: 6/9
   935 | D:1      | Learned a level 2 spell: Searing Ray
   939 | D:1      | Learned a level 3 spell: Dazzling Flash
   950 | D:2      | Reached skill level 1 in Fighting
   950 | D:2      | Reached skill level 1 in Short Blades
   950 | D:2      | Reached skill level 1 in Long Blades
   950 | D:2      | Reached skill level 1 in Axes
   950 | D:2      | Reached skill level 1 in Maces & Flails
   950 | D:2      | Reached skill level 1 in Polearms
   950 | D:2      | Reached skill level 1 in Staves
   950 | D:2      | Reached skill level 1 in Ranged Weapons
   950 | D:2      | Reached skill level 1 in Throwing
   950 | D:2      | Reached skill level 1 in Armour
   950 | D:2      | Reached skill level 1 in Shields
   950 | D:2      | Reached skill level 1 in Unarmed Combat
   950 | D:2      | Reached skill level 1 in Invocations
   950 | D:2      | Reached skill level 1 in Evocations
   990 | D:2      | Noticed Jessica
  1066 | D:2      | Reached skill level 1 in Hexes
  1066 | D:2      | Reached skill level 1 in Summonings
  1066 | D:2      | Reached skill level 1 in Necromancy
  1066 | D:2      | Reached skill level 1 in Translocations
  1066 | D:2      | Reached skill level 1 in Transmutations
  1066 | D:2      | Reached skill level 1 in Fire Magic
  1066 | D:2      | Reached skill level 1 in Ice Magic
  1066 | D:2      | Reached skill level 1 in Air Magic
  1066 | D:2      | Reached skill level 1 in Earth Magic
  1066 | D:2      | Reached skill level 1 in Poison Magic
  1066 | D:2      | Reached XP level 4. HP: 32/32 MP: 6/11
  1225 | D:2      | Noticed Robin
  1245 | D:2      | Found a shadowy altar of Dithmenos.
  1381 | D:2      | Killed Robin
  1382 | D:2      | Reached XP level 5. HP: 30/37 MP: 4/12
  1460 | D:2      | Killed Jessica
  2156 | D:2      | Learned a level 1 spell: Freeze
  2160 | D:2      | Learned a level 3 spell: Hailstorm
  2241 | D:3      | Found a faded altar of an unknown god.
  2403 | D:3      | Reached XP level 6. HP: 39/44 MP: 10/13
  2408 | D:3      | Reached skill level 5 in Dodging
  2641 | D:3      | Noticed Natasha
  2660 | D:3      | Killed Natasha
  2765 | D:3      | Identified the +0 chain mail of the Present {rElec Str+3}
  2832 | D:3      | Noticed Natasha
  2837 | D:3      | Killed Natasha
  2933 | D:3      | You fall into a shaft and drop 3 floors!
  2942 | D:6      | Learned a level 3 spell: Frozen Ramparts
  3196 | D:5      | Entered Level 5 of the Dungeon
  3268 | D:5      | Reached XP level 7. HP: 48/50 MP: 9/15
  3326 | D:4      | Found a staircase to the Ecumenical Temple.
  3327 | D:4      | Found a runed translucent gate.
  3334 | D:4      | Found a runed translucent gate.
  3342 | Temple   | Entered the Ecumenical Temple
  3504 | Temple   | Became a worshipper of Cheibriados the Contemplative
  3725 | D:4      | Found a large runed translucent door.
  3726 | D:4      | Found a large runed translucent door.
  3759 | D:4      | Learned a level 4 spell: Iskenderun's Mystic Blast
  3783 | D:4      | Reached * piety under Cheibriados
  3784 | D:4      | Reached skill level 5 in Stealth
  3790 | D:4      | HP: 2/51 [poisoned by a kobold]
  3866 | D:5      | Noticed Eustachio
  3867 | D:5      | Mangled by a gnoll

Illustrated notes

Levels and vault maps discovered:
D:1:      lightli_arrival_chessboard, layout_basic
D:2:      layout_loops_ring, basic_altar, uniq_jessica, uniq_robin
D:3:      minmay_inner_zag, layout_loops_cross,
          dreamdust_ecumenical_altar_statues, kennysheep_minor_cross,
          uniq_natasha
D:4:      layout_basic, jmf_multi_god_temple2, minmay_temple_entry_offerings,
          gammafunk_ghost_cemetery, minmay_ruptured
D:5:      layout_cave_pools, serial_shops, nicolae_lakefront_shop,
          uniq_eustachio, uniq_crazy_yiuf_cottage, uniq_ijyb
D:6:      layout_gridville
Temple:   hellmonk_temple_flake

Skill      XL: |  1  2  3  4  5  6  7 |
---------------+----------------------+-----
Spellcasting   | 5 |  5.8
Fighting       | 1 2 |  2.8
Short Blades   | 1 2 |  2.8
Long Blades    | 1 2 |  2.8
Axes           | 1 2 |  2.8
Maces & Flails | 1 2 |  2.8
Polearms       | 1 2 |  2.8
Staves         | 1 2 |  2.8
Ranged Weapons | 1 2 |  2.8
Throwing       | 1 2 |  2.8
Armour         | 1 2 |  2.8
Shields        | 1 2 |  2.8
Unarmed Combat | 1 2 |  2.8
Invocations    | 1 2 3 |  3.1
Evocations     | 1 2 |  2.8
Hexes          | 1 2 |  2.3
Summonings     | 1 2 |  2.3
Necromancy     | 1 2 |  2.3
Translocations | 1 2 |  2.3
Transmutations | 1 2 |  2.3
Fire Magic     | 1 2 |  2.3
Ice Magic      | 1 2 |  2.3
Air Magic      | 1 2 |  2.3
Earth Magic    | 1 2 |  2.3
Poison Magic   | 1 2 |  2.3
Dodging        | 5 |  5.4
Stealth        | 5 |  5.1
Conjurations   | |  7.5

Action                   |  1- 3 |  4- 6 |  7- 9 || total
-------------------------+-------+-------+-------++-------
Melee: Dagger            |     4 |    38 |    14 ||    56
       Punch             |     1 |       |       ||     1
       Bite              |       |     1 |     1 ||     2
 Cast: Magic Dart        |    34 |    69 |    14 ||   117
       Searing Ray       |     2 |     7 |     1 ||    10
       Dazzling Flash    |       |     5 |     1 ||     6
       Hailstorm         |       |     4 |     3 ||     7
       Freeze            |       |     7 |     1 ||     8
       Frozen Ramparts   |       |     2 |     2 ||     4
       Iskenderun's Myst |       |       |     2 ||     2
  Use: Scroll            |       |     1 |     2 ||     3
       Potion            |       |     2 |     2 ||     4
 Stab: Sleeping          |       |     2 |       ||     2
Armor: Robe              |     1 |    14 |     5 ||    20
Dodge: Dodged            |     7 |    55 |    23 ||    85

Table legend: (Time is in decaauts)
 A = Elapsed time spent in this place.
 B = Non-inter-level travel time spent in this place.
 C = Inter-level travel time spent in this place.
 D = Time resting spent in this place.
 E = Time spent auto-exploring this place.
 F = Levels seen in this place.
 G = Mean time per level.
                   A        B        C        D        E       F      G
               +--------+--------+--------+--------+--------+-----+--------+
         Total |   3893 |   3702 |    191 |      0 |   3100 |   7 |  556.1 |
       Dungeon |   3716 |   3558 |    158 |      0 |   2970 |   6 |  619.3 |
        Temple |    176 |    144 |     32 |      0 |    130 |   1 |  176.0 |
               +--------+--------+--------+--------+--------+-----+--------+

Top non-repeatable levels by time:
     D:2: 1161 daAuts
     D:1: 1084 daAuts
     D:3: 691 daAuts
     D:4: 388 daAuts
     D:6: 241 daAuts
  Temple: 176 daAuts
     D:5: 149 daAuts
